Map: [ESL] Hard Lead

Players

Cure - Winner!

  • Race: Terran Terran
  • Spawn Location: 5:00

Maru

  • Race: Terran Terran
  • Spawn Location: 11:00

Event: ESL SC2 Masters 2023 Winter (Finals)

VOD

Have the link to the VOD?

Description

Time

  • Played on: Dec. 15, 2023, 1:09 p.m.
  • Length: 16:03

All games in this series

Show
View Real Time Build Order
Export as new Build Order

Cure Terran - Winner!

Build Orders: Cyclone Opening 

Get SALT Encoding   

  12  0:00  SCV  
  13  0:12  SCV  
  14  0:16  Supply Depot  
  14  0:24  SCV  
  15  0:38  SCV  
  15  0:39  Barracks  
  15  0:42  Refinery  
  16  0:50  SCV  
  16  0:52  Refinery  
  17  1:02  SCV  
  18  1:14  SCV  
  19  1:25  Reaper  
  19  1:26  Orbital Command  
  19  1:28  Supply Depot  
  20  1:39  Factory  
  20  1:52  SCV  
  21  1:57  Reaper  
  22  2:04  SCV  
  23  2:16  Command Center, SCV  
  24  2:24  Cyclone  
  24  2:28  SCV  
  27  2:35  Starport  
  27  2:41  SCV  
  28  2:44  Barracks Reactor  
  28  2:48  Supply Depot  
  28  2:53  SCV  
  28  2:56  Cyclone  
  31  3:10  SCV  
  31  3:11  Medivac  
  34  3:14  Refinery  
  34  3:22  SCV  
  35  3:28  Barracks Tech Lab  
  35  3:29  Orbital Command  
  35  3:35  Cyclone  
  35  3:36  Cyclone  
  35  3:38  SCV  
  40  3:50  SCV  
  40  3:54  Marine  
  40  3:55  Raven  
  44  3:56  SCV  
  44  4:00  Supply Depot  
  45  4:04  SCV  
  45  4:06  Interference Matrix  
  45  4:08  SCV  
  47  4:15  Cyclone x2  
  47  4:17  SCV  
  53  4:21  SCV  
  53  4:22  Supply Depot  
  53  4:32  SCV  
  53  4:33  Raven, SCV  
  57  4:44  Command Center  
  57  4:46  SCV x2  
  57  4:50  Cyclone  
  61  4:55  Cyclone  
  61  4:57  Supply Depot  
  61  4:59  SCV x2  
  65  5:07  Supply Depot  
  65  5:08  Raven  
  65  5:11  SCV x2  
  63  5:23  SCV x2  
  63  5:24  Cyclone  
  63  5:27  Cyclone  
  67  5:29  Barracks Tech Lab  
  67  5:34  Refinery  
  67  5:35  Barracks, SCV x2  
  69  5:37  Barracks  
  69  5:46  Engineering Bay x2  
  69  5:47  Stimpack, Marine  
  69  5:48  Starport Reactor, SCV  
  69  5:49  SCV  
  72  6:01  SCV  
  72  6:02  Orbital Command  
  73  6:04  SCV  
  73  6:08  Marine  
  73  6:09  Barracks  
  73  6:11  Siege Tank  
  78  6:12  Barracks  
  78  6:15  SCV  
  78  6:16  SCV  
  80  6:24  Terran Infantry Weapons Level 1, Terran Infantry Armor Level 1  
  80  6:27  SCV  
  80  6:28  SCV  
  80  6:29  Marine  
  83  6:34  SCV  
  83  6:38  Starport Reactor  
  83  6:39  SCV  
  85  6:40  SCV, Marine  
  85  6:41  Marine  
  88  6:47  Marine  
  88  6:53  SCV x3  
  88  6:55  Marine x2  
  88  6:56  Siege Tank  
  88  6:58  Marine x2  
  95  7:04  Barracks Reactor x2, Supply Depot  
  95  7:05  Marine, Supply Depot  
  95  7:07  SCV x3  
  99  7:13  Marine x2  
  99  7:15  Refinery  
  101  7:17  Sensor Tower  
  101  7:22  Missile Turret  
  101  7:23  Armory  
  101  7:26  Marine x3  
  101  7:27  SCV x3  
  101  7:28  Siege Tank, Combat Shield  
  110  7:30  Marine  
  110  7:31  Medivac  
  110  7:33  Missile Turret  
  110  7:34  Refinery  
  110  7:35  Marine  
  114  7:40  Medivac  
  114  7:41  Marine  
  117  7:45  Marine x2, Supply Depot  
  117  7:46  Marine  
  117  7:48  Marine  
  117  7:49  Supply Depot  
  117  8:02  Marine x2  
  117  8:06  Siege Tank, Marine x5  
  117  8:07  Marine  
  117  8:08  Marine  
  117  8:09  Supply Depot x2  
  117  8:11  SCV x3  
  128  8:20  Marine x2  
  128  8:21  Medivac  
  128  8:24  Terran Infantry Weapons Level 2, Marine  
  133  8:30  Medivac, Marine x6  
  133  8:32  Terran Infantry Armor Level 2  
  141  8:37  Marine x2  
  141  8:38  Siege Tank  
  142  8:42  Marine  
  142  8:46  Terran Vehicle Weapons Level 1  
  142  8:48  Supply Depot, Marine x5  
  144  8:49  Marine  
  149  9:02  Command Center  
  149  9:10  Marine x5  
  149  9:12  Marine x3  
  149  9:14  Factory  
  149  9:16  Barracks Reactor  
  156  9:18  Sensor Tower, SCV x2  
  157  9:29  Supply Depot, Marine x4  
  157  9:30  Siege Tank, SCV  
  165  9:46  Supply Depot  
  165  9:49  Supply Depot  
  165  9:51  Medivac x2, Marine x4  
  173  10:04  Supply Depot  
  173  10:08  Marine x6  
  173  10:09  Marine x2  
  173  10:10  Siege Tank, Marine x2  
  184  10:20  SCV x3  
  186  10:26  Marine x8, Starport x2  
  186  10:28  Marine x2  
  196  10:33  Siege Tank  
  199  10:35  SCV  
  199  10:42  Planetary Fortress  
  200  10:45  Starport  
  200  10:48  Command Center  
  200  10:52  Viking x2  
  200  10:56  Refinery  
  194  10:58  Refinery  
  175  11:05  Starport Tech Lab x2  
  175  11:13  Siege Tank x2  
  181  11:27  Starport Tech Lab, Viking x2  
  181  11:28  Viking x2  
  181  11:29  Terran Infantry Weapons Level 3  
  181  11:30  Command Center  
  189  11:37  Terran Infantry Armor Level 3  
  189  11:39  Terran Vehicle Weapons Level 2  
  188  11:58  Siege Tank x2  
  182  12:05  Marine x8  
  182  12:07  Marine x2  
  177  12:08  Raven x2  
  159  12:23  Marine x8  
  159  12:25  Marine x2  
  164  12:34  Medivac  
  166  12:40  Marine x4  
  166  12:41  Marine  
  169  12:49  Marine x2  
  169  12:50  Marine  
  172  12:55  Raven  
  172  13:03  Raven  
  170  13:17  Raven  
  166  13:29  Raven, Command Center  
  166  13:32  Marine  
  166  13:33  Marine  
  167  13:38  Marine x2  
  167  13:42  Marine x2  
  167  13:46  Marine x2  
  155  13:58  Orbital Command  
  155  14:15  Raven x2  
  155  14:16  Raven  
  158  14:17  Marine  
  158  14:19  SCV  
  160  14:27  Viking  
  160  14:28  Viking  
  164  14:32  SCV x2  
  166  14:44  SCV  
  167  14:46  SCV x2  
  167  14:49  Viking  
  167  14:50  Siege Tank x2  
  172  14:56  SCV  
  168  15:04  Marine x4  
  168  15:07  Marine x4  
  127  15:15  Marine x2  
  127  15:16  Medivac  
  131  15:22  Marine x4  
  131  15:24  Viking x2  
  131  15:25  Viking  
  131  15:26  Marine x3  
  144  15:38  SCV, Refinery  
  144  15:39  Refinery  
  144  15:40  Sensor Tower  
  145  15:44  SCV  
  145  15:45  Refinery  
  146  15:50  SCV  
Show
View Real Time Build Order
Export as new Build Order

Maru Terran 

Build Orders: Cyclone Opening, Reaper Expand 

Get SALT Encoding   

  12  0:00  SCV  
  13  0:12  SCV  
  14  0:17  Supply Depot  
  14  0:24  SCV  
  15  0:38  Barracks, SCV  
  16  0:42  Refinery  
  16  0:50  SCV  
  17  1:02  SCV  
  18  1:15  SCV  
  19  1:25  Reaper  
  19  1:27  Orbital Command  
  20  1:40  Command Center  
  20  1:50  Supply Depot  
  20  1:52  SCV  
  21  1:57  Marine  
  22  2:04  SCV  
  22  2:08  Factory  
  23  2:14  Refinery  
  23  2:16  SCV  
  23  2:18  Marine  
  25  2:28  SCV  
  26  2:30  Bunker  
  26  2:36  Marine  
  27  2:40  SCV  
  28  2:51  Cyclone, Starport  
  28  2:53  SCV  
  31  2:59  Orbital Command  
  31  3:05  SCV  
  32  3:07  Barracks Reactor  
  32  3:17  SCV  
  33  3:23  Cyclone  
  33  3:24  SCV  
  36  3:28  Starport Tech Lab  
  36  3:29  SCV  
  37  3:35  Supply Depot  
  37  3:36  SCV  
  38  3:41  SCV  
  38  3:44  Marine x2  
  38  3:47  Raven  
  43  3:52  Command Center  
  43  3:54  SCV x2  
  45  3:57  Factory Tech Lab  
  45  4:00  Supply Depot  
  45  4:06  SCV x2  
  46  4:11  Marine x2  
  46  4:16  Siege Tank  
  49  4:18  SCV  
  49  4:19  SCV  
  49  4:22  Refinery  
  51  4:29  Marine x2  
  51  4:30  SCV  
  51  4:31  SCV  
  55  4:34  Raven  
  57  4:39  Supply Depot  
  57  4:42  SCV  
  57  4:43  SCV  
  59  4:51  Barracks  
  59  4:55  SCV  
  59  4:56  Factory Reactor  
  59  4:57  Barracks  
  59  4:59  Marine  
  61  5:00  Stimpack  
  61  5:01  SCV  
  61  5:06  Engineering Bay x2  
  62  5:07  SCV  
  62  5:08  Orbital Command  
  62  5:13  SCV  
  62  5:18  Raven  
  62  5:19  SCV  
  62  5:20  Marine  
  64  5:26  Interference Matrix  
  64  5:28  SCV  
  64  5:29  Refinery  
  64  5:31  SCV  
  64  5:34  Barracks  
  64  5:35  Barracks  
  66  5:38  Marine  
  66  5:40  SCV  
  66  5:41  Marine x2  
  70  5:42  Terran Infantry Weapons Level 1  
  70  5:46  Terran Infantry Armor Level 1  
  70  5:52  Marine x2  
  70  5:54  Factory Reactor, Supply Depot  
  70  5:56  SCV, Marine  
  70  5:57  SCV  
  75  5:58  Marine  
  75  6:00  Marine  
  77  6:09  Marine  
  77  6:10  SCV x3  
  80  6:20  Marine x3  
  80  6:22  SCV  
  80  6:23  Barracks Reactor x2  
  80  6:25  Supply Depot  
  83  6:26  Supply Depot  
  83  6:29  Marine x2  
  85  6:33  Medivac  
  85  6:34  Medivac  
  85  6:39  Combat Shield, Marine x3  
  92  6:43  Supply Depot  
  92  6:46  Siege Tank  
  95  6:47  Marine x2  
  95  6:53  SCV  
  87  6:57  Marine x3  
  87  7:00  Marine x4  
  92  7:04  Medivac  
  92  7:05  Medivac, Marine  
  92  7:07  Orbital Command  
  97  7:11  Marine  
  97  7:15  Marine x2, SCV x2  
  100  7:19  Marine x3  
  100  7:20  Siege Tank  
  106  7:23  Supply Depot  
  106  7:25  Marine x3  
  106  7:27  SCV  
  106  7:29  Marine  
  111  7:33  SCV  
  111  7:36  Armory  
  112  7:37  Marine x4  
  112  7:39  SCV  
  117  7:44  Marine x4  
  114  7:53  Marine  
  114  7:54  Siege Tank, Medivac x2  
  114  7:55  Marine x3  
  114  7:58  Supply Depot  
  125  8:01  Marine  
  125  8:02  Marine  
  127  8:09  SCV  
  127  8:10  SCV x2  
  127  8:11  Refinery x2  
  130  8:13  Marine x3  
  131  8:21  Command Center  
  129  8:27  Terran Infantry Weapons Level 2, Terran Infantry Armor Level 2  
  129  8:29  Supply Depot  
  129  8:33  SCV x2  
  129  8:34  SCV  
  130  8:41  Siege Tank  
  130  8:44  Terran Vehicle Weapons Level 1  
  130  8:45  SCV x2  
  130  8:46  SCV  
  130  8:47  Viking  
  138  8:53  Supply Depot  
  138  8:57  SCV x2  
  138  9:01  SCV  
  141  9:08  Marine x2  
  141  9:09  Sensor Tower, SCV x2, Marine x2  
  147  9:14  Marine  
  147  9:15  Marine x2  
  147  9:16  Siege Tank, Supply Depot  
  153  9:20  Factory  
  151  9:24  Barracks Reactor  
  151  9:25  Viking x2  
  151  9:26  Supply Depot  
  154  9:32  Marine x2  
  155  9:46  SCV x2  
  155  9:47  Marine x5  
  155  9:48  Siege Tank, Marine  
  155  9:49  Marine  
  166  9:54  SCV  
  166  9:55  Viking x2  
  166  9:58  Missile Turret, SCV x2  
  173  10:06  Starport  
  173  10:07  Starport  
  173  10:09  Missile Turret  
  173  10:14  Siege Tank, Sensor Tower  
  176  10:15  Marine x3  
  176  10:18  Planetary Fortress  
  179  10:26  Supply Depot  
  179  10:31  Viking x2  
  179  10:32  SCV  
  179  10:33  SCV  
  185  10:46  Command Center  
  185  11:01  Viking x2, Terran Infantry Weapons Level 3  
  185  11:04  Viking x2  
  179  11:11  SCV  
  179  11:18  Sensor Tower, Refinery  
  180  11:19  Refinery  
  180  11:25  Command Center  
  180  11:27  Command Center  
  180  11:29  Terran Infantry Armor Level 3  
  180  11:31  Liberator  
  179  11:41  Starport Tech Lab x2, Missile Turret x2  
  179  11:42  Missile Turret  
  176  11:49  Missile Turret  
  176  11:51  Siege Tank x2  
  168  12:03  Marine x8, Reaper  
  168  12:06  Marine  
  168  12:08  Raven  
  156  12:21  Marine x8  
  156  12:23  Siege Tank, Marine  
  156  12:26  Siege Tank  
  160  12:33  Liberator  
  160  12:34  Marine  
  160  12:37  Orbital Command  
  160  12:38  Marine  
  160  12:39  Marine x6  
  167  12:48  Marine x2  
  167  12:49  Liberator  
  151  12:52  Marine  
  151  12:55  Siege Tank  
  151  12:56  Marine  
  154  12:58  Siege Tank  
  157  13:12  Marine  
  136  13:19  Viking  
  129  13:21  Marine  
  129  13:22  Marine  
  131  13:27  Siege Tank  
  131  13:30  Siege Tank  
  136  13:49  Medivac  
  136  13:50  Medivac  
  136  13:54  Orbital Command  
  131  13:56  Marine x6  
  137  14:04  SCV x2  
  139  14:10  Raven x2  
  137  14:34  SCV x2  
  137  14:37  SCV  
  140  14:42  Sensor Tower  
  140  14:44  Raven  
  142  14:46  SCV  
  142  14:47  Raven  
  145  14:53  Refinery x2  
  145  15:03  Siege Tank, Marine x2  
  83  15:19  Orbital Command  
  83  15:28  Marine  
Tags
 
Add a new tag
Caveats
  • Supply blocks, unpowered buildings, or Contaminate may cause inaccurate times.
  • Supply counts are checked every 10 seconds.